AoeStats
← TW_Jerry YT @TW-aoe2noobs

Arena

508226274Analyzed
4v4 RM · 11d ago on Sep 21, 2026· 26m 56s· 8 players
Game mode
Random Map
Map size
Large (8 player)
Population
200
Speed
Normal
Resources
Standard
Victory
Conquest
Starting age
Dark Age
Ending age
Imperial Age
RankedLock teamsTeams togetherTeam positionsShared explorationLock speedFull tech treeHidden civsTurbo modeCheats
Victory
Defeat
🇹🇼 Ethiopians · Taiwan
1664
+11
🇹🇼 Khmer · Taiwan
1611
+13
🇹🇼 Spanish · Taiwan
1550
+15
🇹🇼 Spanish · Taiwan
1512
+17
🇻🇳 Mongols · Vietnam
1559
-15
1546
-14
🇨🇳 Georgians · China
1541
-14
🇯🇵 Persians · Japan
1505
-13
tktk
10:55 Feudal Age
11:38 Double-Bit Axe
14:26 Castle Age
12:12 Horse Collar
15:03 Bow Saw
20:38 Wheelbarrow
22:07 Hand Cart
22:49 Gold Mining
22:51 Stone Mining
24:01 Town Watch
24:01 Loom
25:04 Bloodlines
24:55 Husbandry
26:14 Scale Barding Armor
潮喜歡說故事的洛洛
5:37 Loom
8:25 Feudal Age
17:47 Fletching
23:53 Wheelbarrow
逝
0:31 Loom
8:22 Feudal Age
10:16 Wheelbarrow
15:07 Castle Age
13:39 Double-Bit Axe
14:07 Horse Collar
15:17 Scale Barding Armor
15:33 Loom
Viet Nam Strategy
10:41 Feudal Age
14:51 Castle Age
12:42 Double-Bit Axe
13:00 Stone Mining
13:42 Gold Mining
15:14 Wheelbarrow
15:52 Bow Saw
20:54 Fletching
23:44 Ballistics
24:18 Bodkin Arrow
25:25 Padded Archer Armor
TW_andy.fet
8:56 Loom
10:58 Feudal Age
18:26 Castle Age
TW_Jerry YT @TW-aoe2noobs
11:43 Feudal Age
12:33 Feudal Age
15:21 Castle Age
13:07 Double-Bit Axe
13:06 Horse Collar
16:25 Bow Saw
16:17 Heavy Plow
21:31 Wheelbarrow
22:20 Gold Mining
22:21 Stone Mining
24:06 Gold Shaft Mining
24:09 Stone Shaft Mining
23:44 Loom
27:29 Imperial Age
25:07 Scale Mail Armor
25:17 Forging
25:38 Hand Cart
26:14 Chain Mail Armor
28:07 Iron Casting
26:55 Pikeman
TWNBS_Jian Hei
10:44 Feudal Age
11:40 Double-Bit Axe
14:32 Castle Age
12:26 Horse Collar
16:18 Bow Saw
16:08 Heavy Plow
18:42 Loom
20:38 Loom
23:58 Wheelbarrow
25:03 Gold Mining
25:04 Stone Mining
25:45 Hand Cart
26:21 Gold Shaft Mining
斷水流大師兄
10:59 Feudal Age
15:12 Castle Age
15:41 Double-Bit Axe
15:39 Horse Collar
18:48 Padded Archer Armor
20:57 Leather Archer Armor
22:43 Bloodlines
Connection lost

Rejoining the realm…

Still unreachable

The connection could not be restored.

Session expired

The server has moved on; the page needs a fresh start.